 Dungeon Crawl Stone Soup version 0.30-a0-702-gdf48620a09 (webtiles) character file.

Game seed: 245962756632575928

2029 ASSMAN the Nimble (level 9, 0/64 HPs)
             Began as a Merfolk Berserker on Jan 22, 2023.
             Was a Priest of Trog.
             Slain by an orc
             ... wielding a +0 trident
              (7 damage)
             ... on level 6 of the Dungeon.
             The game lasted 00:05:20 (5278 turns).

ASSMAN the Nimble (Merfolk Berserker)               Turns: 5278, Time: 00:05:21

Health: 0/64       AC:  7    Str: 17    XL:     9   Next: 23%
Magic:  9/9        EV: 15    Int:  7    God:    Trog [***...]
Gold:   344        SH:  0    Dex: 17    Spells: 8/8 levels left

rFire   . . .      SeeInvis .    a - +0 falchion
rCold   . . .      Faith    .    (no shield)
rNeg    . . .      Spirit   .    l - +0 scale mail
rPois   .          Reflect  .    (no helmet)
rElec   .          Harm     .    (no cloak)
rCorr   .          Rampage  .    (no gloves)
Will    .....                    i - +0 pair of boots Stlth
                                 e - amulet of regeneration
HPRegen 1.10/turn                (no ring)
MPRegen 0.11/turn                (no ring)

@: on berserk cooldown, slowed, very slow
A: (nimble swimmer 2), mertail
a: Renounce Religion, Berserk, Trog's Hand


You were on level 6 of the Dungeon.
You worshipped Trog.
Trog was most pleased with you.
You visited 1 branch of the dungeon, and saw 6 of its levels.

You collected 344 gold pieces.

Inventory:

Hand Weapons
 a - a +0 falchion (weapon)
Missiles
 j - 2 poisoned darts (quivered)
 u - 2 silver javelins
 w - a throwing net
Armour
 i - a +0 pair of boots (worn)
 l - a +0 scale mail (worn)
Jewellery
 e - an amulet of regeneration (around neck)
Scrolls
 b - a scroll of fear {unknown}
 c - 2 scrolls of fog {unknown}
 f - 4 scrolls of identify {unknown}
 k - a scroll of brand weapon {unknown}
 m - 4 scrolls of teleportation {unknown}
 n - 2 scrolls of immolation {unknown}
 s - 3 scrolls of enchant armour {unknown}
 x - a scroll of blinking {unknown}
 y - 4 scrolls of magic mapping {unknown}
Potions
 d - a potion of curing {unknown}
 g - 2 potions of haste {unknown}
 h - 3 potions of attraction {unknown}
 o - 2 potions of might {unknown}
 p - 2 potions of cancellation {unknown}
 q - a potion of berserk rage {unknown}
 r - a potion of flight {unknown}
 t - 5 potions of heal wounds {unknown}
 v - a potion of degeneration {unknown}
 z - 2 potions of brilliance {unknown}
 A - a potion of ambrosia {unknown}


   Skills:
 - Level 3.2 Fighting
 + Level 10.6 Long Blades
 - Level 1.3 Armour
 + Level 11.2 Dodging


You had 8 spell levels left.
You didn't know any spells.
Your spell library was empty.

Dungeon Overview and Level Annotations

Branches:
Dungeon (6/15)
 Temple: D:4-7

Altars:
Nemelex Xobeh
Trog

Annotations:
D:3 2 transporters, Chaicat's ghost, amateur GnRe


Innate Abilities, Weirdness & Mutations

((You are very nimble when in or above water. (Stealth+, EV+, Speed+++)))
Your lower body shifts to a powerful aquatic tail in water.


Message History

You hit the yak but do no damage.
The yak is severely wounded.
You feel sick.
You are no longer poisoned.
The yak closely misses you. The orc closely misses you.
You hit the yak.
The yak is severely wounded.
The yak gores you but does no damage. The orc completely misses you.
You slash the yak!
The yak is almost dead.
The yak barely misses you.
The orc hits you from afar with a +0 trident.
You hit the yak.
The yak is almost dead.
The yak barely misses you. The orc hits you but does no damage.
You slash the yak!
You kill the yak!
Trog accepts your kill.
The orc hits you from afar with a +0 trident.
You closely miss the yak.
The yak is heavily wounded.
The yak gores you!
* * * LOW HITPOINT WARNING * * *
The orc barely misses you.
You completely miss the yak.
The yak is heavily wounded.
The yak closely misses you. The orc misses you. The orc closely misses you.
The yak gores you but does no damage.
You hit the yak.
The yak is heavily wounded.
The yak closely misses you. The orc completely misses you.
You barely miss the yak.
The yak is heavily wounded.
The yak misses you. The orc hits you but does no damage.
You slash the yak!
The yak is severely wounded.
The yak gores you!
* * * LOW HITPOINT WARNING * * *
The orc hits you from afar with a +0 trident!
You die...

# # ######.####
###########...†......
......).##.#.###.###.
.....>....###..# ##
#######.##.#.#.# .# #
# #.# #.##.# .#.##
#.# #.##.###o...###
#.# # ##..@Yo...[..
#.# #####o...##. #
#.# .#.## ## #.# .#
.. .######.# .. .#
#........ ># #
#.####### .. #.## ##
...#


You could see a yak and 3 orcs.

Vanquished Creatures
  Pikel (D:4)
  2 yaks (D:6)
  A water moccasin (D:5)
  2 ice beasts (D:5)
  2 ogres
  A lemure (D:4)
  4 scorpions
  A bullfrog (D:6)
  2 necrophages
  An orc priest (D:4)
  5 iguanas
  An orc wizard (D:5)
  12 adders
  2 gnolls (D:5)
  2 shadow imps (D:5)
  An ufetubus (D:5)
  A worm (D:2)
  2 dart slugs
  12 orcs
  6 ball pythons
  7 endoplasms
  3 giant cockroaches
  3 goblins
  4 hobgoblins
  7 kobolds
  A quokka (D:4)
  6 bats
  5 rats
97 creatures vanquished.

Notes
Turn   | Place    | Note
-------+----------+-------------------------------------------
     0 | D:1      | ASSMAN the Merfolk Berserker began the quest for the Orb.
     0 | D:1      | Reached XP level 1. HP: 18/18 MP: 1/1
   275 | D:1      | Reached skill level 3 in Dodging
   293 | D:1      | Found a faded altar of an unknown god.
   333 | D:1      | Reached XP level 2. HP: 24/24 MP: 2/2
   552 | D:2      | HP: 1/24 [poisoned by an adder]
   741 | D:2      | Reached XP level 3. HP: 29/29 MP: 3/3
   898 | D:2      | Reached skill level 4 in Dodging
   922 | D:2      | Reached ** piety under Trog
  1243 | D:2      | Reached XP level 4. HP: 12/35 MP: 4/4
  1842 | D:3      | Reached skill level 5 in Long Blades
  1897 | D:3      | Noticed Chaicat's ghost (amateur GnRe)
  2357 | D:3      | Found a transporter.
  2375 | D:3      | Found a transporter.
  2840 | D:4      | Noticed a lemure
  2855 | D:4      | Killed a lemure
  2989 | D:4      | Reached skill level 5 in Dodging
  2998 | D:4      | Noticed a lemure
  2999 | D:4      | Noticed Pikel
  2999 | D:4      | Noticed a lemure
  2999 | D:4      | Noticed a lemure
  3030 | D:4      | Killed Pikel
  3031 | D:4      | Reached skill level 7 in Dodging
  3031 | D:4      | Reached XP level 5. HP: 41/41 MP: 5/5
  3031 | D:4      | Reached XP level 6. HP: 47/47 MP: 6/6
  3031 | D:4      | Reached XP level 7. HP: 52/52 MP: 7/7
  3146 | D:4      | Found a sparkling altar of Nemelex Xobeh.
  3539 | D:4      | Reached skill level 8 in Dodging
  3956 | D:5      | Entered Level 5 of the Dungeon
  4234 | D:5      | Reached XP level 8. HP: 45/58 MP: 8/8
  4336 | D:5      | Found a bloodstained altar of Trog.
  4343 | D:5      | Reached skill level 9 in Dodging
  4483 | D:5      | Reached *** piety under Trog
  4905 | D:5      | Reached skill level 10 in Dodging
  5148 | D:6      | Reached skill level 10 in Long Blades
  5169 | D:6      | Reached XP level 9. HP: 64/64 MP: 9/9
  5266 | D:6      | Reached skill level 11 in Dodging
  5278 | D:6      | Slain by an orc

Illustrated notes

Levels and vault maps discovered:
D:1:      shiori_arrival_maze, layout_basic, basic_ecumenical_altar
D:2:      layout_basic, serial_curves, eino_curves_02, eino_curves_04,
          minmay_pentomino_t2
D:3:      layout_basic, gammafunk_ghost_stat_death, dreamdust_wishing_well
D:4:      layout_basic, nemelex_spade_bored_becter,
          chequers_serial_rivers_large_a, uniq_pikel
D:5:      layout_loops_corners, trog_antimagical, grunt_tough_drop
D:6:      layout_loops_ring, nicolae_hepliaklqana_ecumenical_no_more

Skill      XL: |  1  2  3  4  5  6  7  8  9 |
---------------+----------------------------+-----
Dodging        | 3 4 7 8 10 11 | 11.2
Long Blades    | 4 7 8 10 | 10.6
Fighting       | |  3.2
Armour         | |  1.3

Action                   |  1- 3 |  4- 6 |  7- 9 || total
-------------------------+-------+-------+-------++-------
Melee: Falchion          |    92 |    69 |   304 ||   465
       Punch             |     1 |     1 |     3 ||     5
Invok: Berserk           |     2 |     3 |     5 ||    10
Armor: Animal skin       |    11 |       |       ||    11
       Scale mail        |    27 |    27 |    68 ||   122
Dodge: Dodged            |    76 |    50 |   183 ||   309

Table legend: (Time is in decaauts)
 A = Elapsed time spent in this place.
 B = Non-inter-level travel time spent in this place.
 C = Inter-level travel time spent in this place.
 D = Time resting spent in this place.
 E = Time spent auto-exploring this place.
 F = Levels seen in this place.
 G = Mean time per level.
                   A        B        C        D        E       F      G
               +--------+--------+--------+--------+--------+-----+--------+
         Total |   5302 |   5132 |    170 |    387 |   3882 |   6 |  883.7 |
       Dungeon |   5302 |   5132 |    170 |    387 |   3882 |   6 |  883.7 |
               +--------+--------+--------+--------+--------+-----+--------+

Top non-repeatable levels by time:
     D:2: 1287 daAuts
     D:4: 1225 daAuts
     D:5: 1082 daAuts
     D:3: 943 daAuts
     D:1: 535 daAuts
     D:6: 228 daAuts
